 Dungeon Crawl Stone Soup version 0.30-a0-743-gbfdf073431 (webtiles) character file.

Game seed: 15864718113265156496

14 Leeroy the Grasshopper (level 2, 0/10 (15) HPs)
             Began as a Vine Stalker Warper on Feb 6, 2023.
             Slain by a necrophage (1 damage)
             ... on level 2 of the Dungeon.
             The game lasted 00:00:38 (712 turns).

Leeroy the Grasshopper (Vine Stalker Warper)         Turns: 712, Time: 00:00:39

HP:   0/10 (15)     AC:  3    Str: 13    XL:     2   Next: 41%
MP:   0/6           EV: 11    Int: 13    God:
Gold: 50            SH:  0    Dex: 13    Spells: 5/5 levels left

rFire   . . .      SeeInvis .    a - +0 falchion
rCold   . . .      Faith    .    (no shield)
rNeg    . . .      Spirit   +    b - +0 leather armour
rPois   .          Reflect  .    (no helmet)
rElec   .          Harm     .    (no cloak)
rCorr   .          Rampage  .    (no gloves)
Will    .....                    (no boots)
Stlth   +                        (no amulet)
HPRegen 0.21/turn                (no ring)
MPRegen 0.10/turn                (no ring)

@: very heavily drained
A: fangs 2, magic shield, antimagic bite, no potion heal 2
a: no special abilities


You were on level 2 of the Dungeon.
You visited 1 branch of the dungeon, and saw 2 of its levels.

You collected 50 gold pieces.

Inventory:

Hand Weapons
 a - a +0 falchion (weapon)
Missiles
 d - 7 boomerangs of dispersal (quivered)
Armour
 b - a +0 leather armour (worn)
Jewellery
 h - a ring of see invisible
Scrolls
 c - a scroll of blinking
 e - 2 scrolls of teleportation {unknown}
 g - a scroll of magic mapping {unknown}
 j - a scroll of brand weapon {unknown}
 k - a scroll of identify {unknown}
Potions
 f - a potion of degeneration {unknown}
 i - a potion of heal wounds {unknown}


   Skills:
 - Level 1.7 Fighting
 + Level 2.7 Long Blades
 - Level 0.8 Throwing
 - Level 0.7 Armour
 - Level 1.5 Dodging
 - Level 2.1 Spellcasting
 - Level 3.0 Translocations


You had 5 spell levels left.
You didn't know any spells.
Your spell library contained the following spells:

 Spells                   Type           Power      Damage    Failure   Level
 Blink                    Tloc           18%        N/A       14%         2
 Lesser Beckoning         Tloc           18%        N/A       14%         2
 Teleport Other           Tloc           9%         N/A       28%         3
 Vhi's Electric Charge    Tloc/Air       10%        N/A       45%         3
 Manifold Assault         Tloc           9%         N/A       67%         4


Dungeon Overview and Level Annotations

Branches:
Dungeon (2/15)

Altars:

Shops:
D:1 (


Innate Abilities, Weirdness & Mutations

You have extremely sharp teeth.
When hurt, damage is shared between your health and your magic reserves.
Your bite disrupts and absorbs the magic of your enemies.
Potions cannot restore your health.


Message History

A kobold comes into view. It is wielding a +0 short sword.
Found an escape hatch in the ceiling.
A kobold is nearby!
The kobold shouts!
The kobold hits you with a +0 short sword.
There is an escape hatch in the ceiling, spattered with blood here.
You hit the kobold.
You kill the kobold!
No target in view!
No target in view!
No target in view!
No target in view!
A necrophage comes into view.
A necrophage is nearby!
Things that are here:
a +0 short sword; 4 stones; a kobold corpse You see here a scroll labelled DUWKATHRUUMU.
k - a scroll labelled DUWKATHRUUMU You aren't carrying any items that you can evoke.
Unknown command.
You hit the necrophage. Your bite misses the necrophage.
The necrophage is lightly damaged.
The necrophage closely misses you.
You completely miss the necrophage. Your bite misses the necrophage.
The necrophage is lightly damaged.
The necrophage hits you.
You feel drained.
You barely miss the necrophage.
The necrophage is lightly damaged.
The necrophage hits you!
You feel drained.
You hit the necrophage. You bite the necrophage. You drain its power.
You feel invigorated.
The necrophage is moderately damaged.
The necrophage hits you.
You feel drained.
* * * LOW HITPOINT WARNING * * *
You hit the necrophage.
The necrophage is heavily damaged.
The necrophage hits you.
* * * LOW HITPOINT WARNING * * *
You feel drained. The necrophage hits you.
You die...

.. #.# #..# #.# #
#...##.##### ..
#........##
#..######.###..####
....###.# ##<...#
#..##.# ####....#
###.<..# ....
#..)@.## ##.
#..n.## ..........
..##..###### ...#
.#.. .... ###


You could see a necrophage.

Vanquished Creatures
  A dart slug (D:1)
  2 ball pythons (D:1)
  An endoplasm (D:1)
  2 goblins (D:1)
  A hobgoblin (D:1)
  2 quokkas (D:1)
  A kobold (D:2)
  A rat (D:1)
11 creatures vanquished.

Notes
Turn   | Place    | Note
-------+----------+-------------------------------------------
     0 | D:1      | Leeroy the Vine Stalker Warper began the quest for the Orb.
     0 | D:1      | Reached XP level 1. HP: 11/11 MP: 4/4
    30 | D:1      | Found Baym's Weapon Emporium.
   310 | D:1      | Reached XP level 2. HP: 15/15 MP: 6/6
   701 | D:2      | Noticed a necrophage
   712 | D:2      | Slain by a necrophage

Illustrated notes

Levels and vault maps discovered:
D:1:      saegor_arrival_simple_d, layout_loops_ring, serial_shops, shop
D:2:      layout_rooms, basic_altar, dreamdust_ecumenical_altar_sealed_demon,
          minmay_quadrilaterals, uniq_terence

Skill      XL: |  1 |
---------------+----+-----
Long Blades    | 2 |  2.7
Fighting       | |  1.7
Throwing       | |  0.8
Armour         | |  0.7
Dodging        | |  1.5
Spellcasting   | |  2.1
Translocations | |  3.0

Action                     || total
---------------------------++-------
  Melee: Falchion          ||    29
         Bite              ||     5
   Stab: Sleeping          ||     1
 Armour: Leather armour    ||     5
  Dodge: Dodged            ||    11

Table legend: (Time is in decaauts)
 A = Elapsed time spent in this place.
 B = Non-inter-level travel time spent in this place.
 C = Inter-level travel time spent in this place.
 D = Time resting spent in this place.
 E = Time spent auto-exploring this place.
 F = Levels seen in this place.
 G = Mean time per level.
                   A        B        C        D        E       F      G
               +--------+--------+--------+--------+--------+-----+--------+
         Total |    717 |    707 |     10 |      0 |    613 |   2 |  358.5 |
       Dungeon |    717 |    707 |     10 |      0 |    613 |   2 |  358.5 |
               +--------+--------+--------+--------+--------+-----+--------+

Top non-repeatable levels by time:
     D:1: 690 daAuts
     D:2: 26 daAuts
